 Dungeon Sprint DCSS version 0.23-a0-303-gfcac5de (webtiles) character file.

114 emperorscorpion the Slasher (level 4, -3/25 HPs)
             Began as a Vine Stalker Warper on Oct 8, 2018.
             Was an Initiate of Ru.
             Slain by a wraith (5 damage)
             ... in the Dungeon (Sprint IX: "|||||||||||||||||||||||||||||").
             The game lasted 00:01:22 (121 turns).

emperorscorpion the Slasher (Vine Stalker Warper)    Turns: 121, Time: 00:01:24

Health: -3/25      AC:  8    Str: 14    XL:     4   Next: 97%
Magic:  0/11       EV: 12    Int: 21    God:    Ru [......]
Gold:   0          SH:  0    Dex: 17    Spells: 10/12 levels left

rFire    . . .     SeeInvis .   a - +2 scimitar "Uhuf Odgh" {holy, Int+5}
rCold    . . .     Gourm    .   (no shield)
rNeg     . . .     Faith    .   r - +2 ring mail
rPois    .         Spirit   +   (no helmet)
rElec    .         Reflect  .   (no cloak)
rCorr    .         Harm     .   q - +0 pair of gloves
MR       .....     NoTele   +   (no boots)
Stlth    +.........             (no amulet)
HPRegen  0.48/turn              s - +3 ring of dexterity
MPRegen  0.12/turn              t - +3 ring of intelligence

@: slowed, very slow
A: fangs 2, regeneration 1, magic shield, antimagic bite, no potion heal 3, rot
immunity
a: Renounce Religion


You were in the Dungeon.
You worshipped Ru.
Ru was noncommittal.
You were not hungry.

You visited 1 branch

Inventory:

Hand Weapons
 a - the +2 scimitar "Uhuf Odgh" (weapon) {holy, Int+5}
   (You found it in the Dungeon)

   It has been blessed by the Shining One to cause great damage to the undead
   and demons.
   It affects your intelligence (+5).
 b - a +2 rapier of electrocution
 o - a +0 falchion
Missiles
 e - 5 tomahawks of dispersal (quivered)
Armour
 n - a +0 leather armour
 q - a +0 pair of gloves (worn)
 r - a +2 ring mail (worn)
Magical Staves
 p - an uncursed staff of energy
Jewellery
 s - a +3 ring of dexterity (left hand)
 t - a +3 ring of intelligence (right hand)
Wands
 m - a wand of iceblast (10)
Scrolls
 d - 3 scrolls of blinking
 k - 3 scrolls of remove curse
 l - 2 scrolls of amnesia
Potions
 c - a potion of invisibility
 g - 5 potions of curing
 h - 3 potions of heal wounds
 i - a potion of haste
 j - 4 potions of magic
Comestibles
 f - a ration


   Skills:
 + Level 3.9 Fighting
 + Level 4.9 Long Blades
 + Level 1.3 Throwing
 + Level 1.7 Armour
 + Level 3.6 Dodging
 + Level 4.8 Spellcasting
 + Level 3.6 Translocations


You had 10 spell levels left.
You knew the following spells:

 Your Spells              Type           Power        Failure   Level  Hunger
a - Blink                 Tloc           N/A          8%          2    None

Your spell library contained the following spells:

 Spells                   Type           Power        Failure   Level  Hunger
 Shroud of Golubria       Chrm/Tloc      ##........   16%         2    None
 Gell's Gravitas          Tloc           ###.......   16%         3    ##.....
 Lesser Beckoning         Tloc           ###.......   16%         3    ##.....
 Teleport Other           Tloc           ###.....     16%         3    ##.....
 Passage of Golubria      Tloc           N/A          45%         4    ####...


Dungeon Overview and Level Annotations

Branches:
Dungeon (1/1)

Altars:
Cheibriados
Dithmenos
Elyvilon
Fedhas
Gozag
Hepliaklqana
Kikubaaqudgha
Makhleb
Nemelex Xobeh
Okawaru
Qazlal
Ru
Sif Muna
Trog
Uskayaw
Vehumet
Wu Jian
Xom
Yredelemnul
Zin
The Shining One
Beogh
Jiyva
Lugonu


Innate Abilities, Weirdness & Mutations

You have extremely sharp teeth.
Your natural rate of healing is unusually fast.
When hurt, damage is shared between your health and your magic reserves.
Your bite disrupts and absorbs the magic of your enemies.
Potions cannot restore your health.
You are immune to rotting.


Message History

The orc wizard blinks!
You slash the orc wizard!
You kill the orc wizard!
The wraith misses you.
You hit the wraith but do no damage. Your bite misses the wraith.
The wraith is heavily damaged.
The wraith closely misses you. The wraith hits you!
* * * LOW HITPOINT WARNING * * *
You closely miss the wraith. Your bite misses the wraith.
The wraith is heavily damaged.
The wraith hits you but does no damage. The wraith misses you.
Okay, then.
You hit the wraith.
The wraith convulses.
The wraith is severely damaged.
The wraith hits you.
* * * LOW HITPOINT WARNING * * *
The wraith drains your vigour!
You feel as though you will be slow longer.
The wraith hits you.
You die...

▓.▓
▓.▓
▓Y▓
▓t▓
▓S▓
▓Z▓
▓W▓
▓@▓
▓)▓
▓.▓
▓[▓
▓.▓
▓)▓
▓.▓
▓.▓
▓.▓


You could see a wraith, a crocodile, an ice beast, an adder and an adder
skeleton.

Vanquished Creatures
  A howler monkey (D)
  A crimson imp (D)
  An orc wizard (D)
  A shadow imp (D)
  A bat zombie (D)
  A hobgoblin (D)
  A jackal (D)
  A quokka (D)
  A frilled lizard (D)
  2 rats (D)
11 creatures vanquished.

Notes
Turn   | Place    | Note
-------+----------+-------------------------------------------
     0 | D        | emperorscorpion the Vine Stalker Warper began the quest for
                  | the Orb.
     0 | D        | Reached XP level 1. HP: 11/11 MP: 4/4
    21 | D        | Noticed a crimson imp
    21 | D        | Noticed a howler monkey
    23 | D        | Reached skill level 1 in Throwing
    23 | D        | Reached skill level 1 in Armour
    23 | D        | Reached XP level 2. HP: 16/16 MP: 7/7
    25 | D        | Killed a howler monkey
    25 | D        | Reached XP level 3. HP: 20/20 MP: 9/9
    40 | D        | Gained mutation: Your natural rate of healing is unusually
                  | fast. [Vine Stalker growth]
    40 | D        | Reached XP level 4. HP: 23/25 MP: 8/11
    43 | D        | Found a roughly hewn altar of Beogh.
    43 | D        | Found a snail-covered altar of Cheibriados.
    43 | D        | Found a shadowy altar of Dithmenos.
    43 | D        | Found a white marble altar of Elyvilon.
    43 | D        | Found a blossoming altar of Fedhas.
    43 | D        | Found an opulent altar of Gozag.
    44 | D        | Found a hazy altar of Hepliaklqana.
    45 | D        | Found a viscous altar of Jiyva.
    46 | D        | Found an ancient bone altar of Kikubaaqudgha.
    47 | D        | Found a corrupted altar of Lugonu.
    48 | D        | Found a burning altar of Makhleb.
    49 | D        | Found a sparkling altar of Nemelex Xobeh.
    50 | D        | Found an iron altar of Okawaru.
    51 | D        | Found a stormy altar of Qazlal.
    52 | D        | Found a sacrificial altar of Ru.
    53 | D        | Found a deep blue altar of Sif Muna.
    54 | D        | Found a bloodstained altar of Trog.
    55 | D        | Found a hide-covered altar of Uskayaw.
    56 | D        | Found a radiant altar of Vehumet.
    57 | D        | Found an ornate altar of the Wu Jian Council.
    58 | D        | Found a shimmering altar of Xom.
    59 | D        | Found a basalt altar of Yredelemnul.
    60 | D        | Became a worshipper of Ru the Awakened
    61 | D        | Found a glowing silver altar of Zin.
    62 | D        | Found a glowing golden altar of the Shining One.
    79 | D        | Got the +2 scimitar "Uhuf Odgh" {holy, Int+5}
   113 | D        | Learned a level 2 spell: Blink
   113 | D        | Noticed an ice beast
   113 | D        | Noticed a crocodile
   113 | D        | Noticed a wraith
   121 | D        | Slain by a wraith

Vault maps used:
D:        linesprint

Skill      XL: |  1  2  3 |
---------------+----------+-----
Long Blades    | 2 3 4 |  4.9
Fighting       | 2 3 |  3.9
Throwing       | 1 |  1.3
Armour         | 1 |  1.7
Dodging        | 2 3 |  3.6
Spellcasting   | 3 4 |  4.8
Translocations | |  3.6

Action                   |  1- 3 |  4- 6 || total
-------------------------+-------+-------++-------
Melee: Falchion          |    25 |       ||    25
       Bite              |     6 |       ||     6
       Scimitar          |       |     8 ||     8
  Use: Potion            |     1 |       ||     1
Armor: Leather armour    |     5 |       ||     5
       Ring mail         |       |     4 ||     4
Dodge: Dodged            |     8 |     4 ||    12
       Rpst.: Falchion   |     3 |       ||     3

Table legend:
 A = Non-vault XP
 B = Vault XP
 C = Vault XP percentage of total XP
 D = Non-vault monster count
 E = Vault monster count
 F = Vault count percentage of total count
                 A         B        C        D         E       F
            +---------+---------+-------+---------+---------+-------
      Total |       0 |     163 | 100.0 |       0 |      11 | 100.0
            +---------+---------+-------+---------+---------+-------
          D |       0 |     163 | 100.0 |       0 |      11 | 100.0
            +---------+---------+-------+---------+---------+-------
